 Dungeon Crawl Stone Soup version 0.29.1-13-g9f3cf754e1 (webtiles) character file.

Game seed: 14146780221907417665

54328 Chiseanne the Blocker (level 14, -10/113 HPs)
             Began as a Demonspawn Wanderer on Jan 28, 2023.
             Was the Champion of Makhleb.
             Mangled by a dire elephant (30 damage)
             ... on level 5 of the Lair of Beasts.
             The game lasted 00:44:59 (17405 turns).

Chiseanne the Blocker (Demonspawn Wanderer)        Turns: 17405, Time: 00:45:00

Health: -10/113    AC: 20    Str: 22    XL:     14   Next: 34%
Magic:  20/20      EV: 11    Int: 22    God:    Makhleb [******]
Gold:   1068       SH: 23    Dex: 14    Spells: 13/13 levels left

rFire   + + .      SeeInvis +   a - +8 trident of the Octopus King {venom, rElec rPois}
rCold   . . .      Faith    .   I - +1 kite shield
rNeg    + . .      Spirit   .   y - +1 chain mail "Vuur" {rPois rF+ rCorr Str+4}
rPois   +          Reflect  +   (helmet restricted)
rElec   +          Harm     .   v - +2 cloak of Classification {*Corrode Int+8 SInv}
rCorr   +          Rampage  .   (no gloves)
Will    +....                   x - +3 pair of boots of Courage {rN+ Str+2}
Stlth   ..........              o - amulet of reflection
HPRegen 0.28/turn               g - +4 ring of slaying
MPRegen 0.17/turn               h - ring of protection from fire

@: about to teleport, studying Maces & Flails
A: horns 2, large bone plates 1, powered by death 1, spiny 3
a: Renounce Religion, Minor Destruction, Lesser Servant of Makhleb, Major
Destruction, Greater Servant of Makhleb


You were on level 5 of the Lair of Beasts.
You worshipped Makhleb.
Makhleb was exalted by your worship.
You visited 3 branches of the dungeon, and saw 17 of its levels.
You also visited: Bailey and Volcano.

You collected 1068 gold pieces.

Inventory:

Hand Weapons
 a - the +8 trident of the Octopus King (weapon) {venom, rElec rPois}
   (You found it on level 5 of the Dungeon)

   It poisons the flesh of those it strikes.
   rElec:     It insulates you from electricity.
   rPois:     It protects you from poison.
 i - a +3 vampiric scimitar
 m - a +4 morningstar of protection
 s - a +2 scimitar of flaming
Missiles
 B - 10 javelins (quivered)
 G - 5 silver javelins
 T - 4 boomerangs
Armour
 r - +1 ice dragon scales
 v - the +2 cloak of Classification (worn) {*Corrode Int+8 SInv}
   (You found it on level 8 of the Dungeon)

   Int:       It affects your intelligence (+8).
   SInv:      It lets you see invisible.
   *Corrode:  It may corrode you when you take damage.
 x - the +3 pair of boots of Courage (worn) {rN+ Str+2}
   (You acquired it on level 8 of the Dungeon)

   Str:       It affects your strength (+2).
   rN:        It protects you from negative energy.
 y - the +1 chain mail "Vuur" (worn) {rPois rF+ rCorr Str+4}
   (You found it on level 2 of the Lair of Beasts)

   Str:       It affects your strength (+4).
   rF:        It protects you from fire.
   rPois:     It protects you from poison.
   rCorr:     It protects you from acid and corrosion.
 A - a +2 cloak of poison resistance
 I - a +1 kite shield (worn)
 V - +0 fire dragon scales
 Z - the +1 robe of Vines {NoPotionHeal Regen++++}
   (You found it on level 4 of the Lair of Beasts)

   Its wearer cannot be healed by potions.
   Regen:     It increases your rate of health regeneration.
Magical Staves
 Y - a staff of fire
Jewellery
 g - a +4 ring of slaying (left hand)
 h - a ring of protection from fire (right hand)
 k - an amulet of regeneration
 o - an amulet of reflection (around neck)
 U - a ring of see invisible
 W - a ring of flight
Wands
 D - a wand of digging (3)
 L - a wand of mindburst (6)
 N - a wand of paralysis (7)
 O - a wand of roots (10)
 P - a wand of polymorph (4)
Scrolls
 b - 7 scrolls of teleportation
 d - 3 scrolls of amnesia
 f - 6 scrolls of magic mapping
 t - 3 scrolls of blinking
 J - 3 scrolls of poison
 K - 7 scrolls of identify
 Q - a scroll of acquirement
 S - 2 scrolls of fog
Potions
 c - 3 potions of might
 e - 2 potions of heal wounds
 l - 8 potions of brilliance
 n - a potion of resistance
 p - 4 potions of curing
 u - 3 potions of haste
 w - 4 potions of flight
 z - 6 potions of ambrosia
 C - 3 potions of mutation
 H - 2 potions of cancellation
 M - 2 potions of berserk rage
 X - a potion of magic {unknown}


   Skills:
 - Level 11.4 Fighting
 - Level 3.6 Long Blades
 - Level 10.5 Armour
 - Level 10.3 Dodging
 * Level 14.2 Shields
 - Level 1.0 Unarmed Combat
 * Level 8.7 Invocations
 - Level 1.0 Evocations


You had 13 spell levels left.
You didn't know any spells.
Your spell library contained the following spells:

 Spells                   Type           Power      Damage    Failure   Level
 Apportation              Tloc           0%         N/A       88%         1
 Foxfire                  Conj/Fire      0%         2x1d4     88%         1
 Magic Dart               Conj           0%         1d3       88%         1
 Necrotise                Necr           0%         1d4       88%         1
 Sandblast                Erth           0%         2d4       88%         1
 Sting                    Tmut/Pois      0%         1d3       88%         1
 Summon Small Mammal      Summ           0%         N/A       88%         1
 Ensorcelled Hibernation  Hex/Ice        0%         N/A       95%         2
 Passwall                 Tmut/Erth      0%         N/A       95%         2
 Poisonous Vapours        Pois/Air       0%         N/A       95%         2
 Searing Ray              Conj           0%         2d4       95%         2
 Sublimation of Blood     Necr           0%         N/A       95%         2
 Conjure Flame            Conj/Fire      0%         6-21      99%         3
 Dazzling Flash           Conj/Hex       0%         N/A       99%         3
 Gell's Gravitas          Tloc           0%         N/A       99%         3
 Ignite Poison            Fire/Tmut/Pois 0%         N/A       99%         3
 Inner Flame              Hex/Fire       0%         N/A       99%         3
 Lesser Beckoning         Tloc           0%         N/A       99%         3
 Mephitic Cloud           Conj/Pois/Air  0%         N/A       99%         3
 Stone Arrow              Conj/Erth      0%         3d7       99%         3
 Swiftness                Air            0%         N/A       99%         3
 Teleport Other           Tloc           0%         N/A       99%         3
 Tukima's Dance           Hex            0%         N/A       99%         3
 Vampiric Draining        Necr           0%         2d6       99%         3
 Animate Armour           Summ/Erth      0%         N/A       100%        4
 Flame Wave               Conj/Fire      0%         2d4       100%        4
 Fulminant Prism          Conj/Hex       0%         3d6       100%        4
 Iskenderun's Mystic Bla  Conj/Tloc      0%         2d3       100%        4
 Olgreb's Toxic Radiance  Pois           0%         N/A       100%        4
 Passage of Golubria      Tloc           0%         N/A       100%        4
 Petrify                  Tmut/Erth      0%         N/A       100%        4
 Agony                    Necr           0%         N/A       100%        5
 Freezing Cloud           Conj/Ice/Air   0%         6-21      100%        5
 Irradiate                Conj/Tmut      0%         3d11      100%        5
 Lee's Rapid Deconstruct  Erth           0%         3d5*      100%        5
 Yara's Violent Unravell  Hex/Tmut       0%         3d3       100%        5
 Starburst                Conj/Fire      0%         6d3       100%        6
 Lehudib's Crystal Spear  Conj/Erth      0%         10d2      100%        8


Dungeon Overview and Level Annotations

Branches:
Dungeon (11/15)            Temple (1/1) D:7            Lair (5/5) D:8
 Shoals (0/4) Lair:3       Spider (0/4) Lair:2        Slime (0/5) Lair:5
    Orc (0/2) D:11         Bailey (visited)         Volcano (visited)

Altars:
Ashenzari
Cheibriados
Dithmenos
Fedhas
Gozag
Hepliaklqana
Kikubaaqudgha
Makhleb
Nemelex Xobeh
Okawaru
Qazlal
Ru
Sif Muna
Trog
Uskayaw
Vehumet
Wu Jian
Xom
Yredelemnul
Jiyva

Shops:
D:1 !

Annotations:
D:4 2 transporters, Pascal76's ghost, weakling MiGl
Lair:5 exclusion: obsidian statue


Innate Abilities, Weirdness & Mutations

You have a pair of horns on your head.
You are partially covered in large bone plates. (SH +4)
You regenerate a little health from kills.
You are completely covered in sharp spines.


Message History

The dire elephant trunk-slaps the withered plant!
You block the dire elephant's attack. The dire elephant closely misses you.
The dire elephant tramples the withered plant!!!
The dire elephant trunk-slaps the withered plant!
The dire elephant tramples the withered plant!!
The dire elephant trunk-slaps the withered plant!
You completely miss the dire elephant. You headbutt the dire elephant.
The dire elephant is moderately wounded.
The dire elephant's soul is no longer bound.
The dire elephant tramples you!
You stumble backwards!
You block the dire elephant's attack. x2
You puncture the dire elephant!
The dire elephant looks as sick as possible!
You headbutt the dire elephant, but do no damage.
The dire elephant is heavily wounded.
The withered plant crumbles away.
You block the dire elephant's attack. x2
You hit the dire elephant but do no damage.
The dire elephant looks as sick as possible!
The dire elephant is heavily wounded.
You block the dire elephant's attack.
The dire elephant trunk-slaps you but does no damage.
You puncture the dire elephant!
The dire elephant looks as sick as possible!
The dire elephant is heavily wounded.
You block the dire elephant's attack. The dire elephant closely misses you.
You block the dire elephant's attack.
The dire elephant trunk-slaps you but does no damage.
You are no longer corroded.
The dire elephant tramples you!!
* * * LOW HITPOINT WARNING * * *
You hold your ground!
The dire elephant trunk-slaps you but does no damage.
There is a large open door here.
As you read the scroll of teleportation, it crumbles to dust.
You feel strangely unstable. You block the dire elephant's attack.
The dire elephant trunk-slaps you!
* * * LOW HITPOINT WARNING * * *
The dire elephant attacks as you move away!
The dire elephant tramples you!!
You die...

♣P.P #...##......
#..## #...##......
#P.. #..P##......
##..P#####..P#♣.###..
#...##8P.'...#♣.##...
##...'..######P.P#...
#....'....# #♣..####.
##P.#####.# ♣P.## #.#
##.@'.P#.##♣..# ###
#..YY.#..#♣.###
####..##.##P..##
#Y..#÷###P..##
#8.8#.÷.#♣...#
##'####.##...# #
##.."~#..#.### #
#..~≈~##.#.# #
#~~≈≈~~#.#.## ##


You could see 3 dire elephants.

Vanquished Creatures
  3 dire elephants (Lair:5)
  2 boulder beetles
  4 hydras
  2 two-headed ogres
  Erica (D:9)
  8 death yaks
  Urug (Lair:2)
  A spectral death yak (Lair:5)
  A fire crab (Lair:4)
  A deep elf archer (Volcano)
  A spectral anaconda (Lair:5)
  4 deep elf pyromancers (Volcano)
  4 necromancers (Lair:5)
  3 ugly things
  A manticore (D:11)
  A dire elephant zombie (Lair:5)
  8 elephants (Lair:5)
  A black mamba (Lair:5)
  A rime drake (Lair:2)
  A gargoyle (D:9)
  10 cane toads
  2 unseen horrors
  5 komodo dragons
  A queen bee (Lair:2)
  3 trolls
  A polar bear (Lair:4)
  7 blink frogs
  Prince Ribbit (Lair:3)
  3 spectral elephants (Lair:5)
  5 spriggans (Bailey)
  47 yaks
  11 wyverns
  Eustachio (D:5)
  3 fire bats (Lair:4)
  Grum (D:9)
  9 basilisks
  3 steam dragons
  3 fire elementals (Volcano)
  A death yak simulacrum (Lair:5)
  Menkaure (D:5)
  Edmund (D:6)
  3 redbacks (Lair:2)
  9 water moccasins
  3 hell hounds (Volcano)
  An ice beast (D:6)
  10 orc warriors
  An elephant zombie (Lair:5)
  9 ogres
  2 centaurs
  30 wolves
  A phantom (D:6)
  4 kobold brigands
  2 elf zombies (D:6)
  Blork the orc (D:6)
  20 bullfrogs
  3 gnoll sergeants (D:11)
  3 scorpions
  3 cane toad simulacra (Lair:5)
  An elf skeleton (D:6)
  4 wights (D:9)
  37 killer bees
  4 howler monkeys
  An electric eel (D:10)
  A human zombie (D:6)
  Crazy Yiuf (D:5)
  6 orc priests
  3 hounds
  A gnoll bouda (D:10)
  A human skeleton (D:6)
  3 iguanas
  7 orc wizards
  Robin (D:3)
  17 gnolls
  2 adders
  A white imp (D:7)
  An ufetubus (D:5)
  36 orcs
  5 endoplasms
  2 giant cockroaches
  16 goblins
  6 hobgoblins
  2 quokkas (D:4)
  7 ball pythons
  3 bats
  3 frilled lizards
  9 kobolds
  An orc zombie (D:6)
  5 rats
460 creatures vanquished.

Vanquished Creatures (others)
  A bush (Lair:4)
  10 fungi
  16 plants
  10 withered plants (Lair:5)
37 creatures vanquished.

Grand Total: 497 creatures vanquished

Notes
Turn   | Place    | Note
-------+----------+-------------------------------------------
     0 | D:1      | Chiseanne the Demonspawn Wanderer began the quest for the
                  | Orb.
     0 | D:1      | Chiseanne set off with the following items: a +2 falchion,
                  | a scroll of teleportation, a +0 ring mail, a scroll of
                  | blinking.
     0 | D:1      | Reached XP level 1. HP: 16/16 MP: 1/1
   136 | D:1      | Gained mutation: You are partially covered in sharp spines.
                  | [demonic ancestry]
   136 | D:1      | Reached XP level 2. HP: 14/22 MP: 2/2
   292 | D:1      | Found Haicur's Distillery.
   410 | D:1      | Found a faded altar of an unknown god.
   432 | D:1      | Reached skill level 1 in Dodging
  1261 | D:2      | Gained mutation: You are partially covered in large bone
                  | plates. (SH +4) [demonic ancestry]
  1261 | D:2      | Reached XP level 3. HP: 28/28 MP: 3/3
  1673 | D:3      | Noticed Robin
  1682 | D:3      | Killed Robin
  1857 | D:3      | Gained mutation: You are mostly covered in sharp spines.
                  | [demonic ancestry]
  1857 | D:3      | Reached XP level 4. HP: 35/35 MP: 4/4
  2469 | D:4      | Gained mutation: You have a pair of small horns on your
                  | head. [demonic ancestry]
  2469 | D:4      | Reached XP level 5. HP: 31/41 MP: 5/5
  2923 | D:4      | Found a transporter.
  2925 | D:4      | Noticed Pascal76's ghost (weakling MiGl)
  3375 | D:4      | Gained mutation: You have a pair of horns on your head.
                  | [demonic ancestry]
  3375 | D:4      | Reached XP level 6. HP: 41/48 MP: 6/6
  3553 | D:4      | Found a transporter.
  3987 | D:5      | Entered Level 5 of the Dungeon
  4079 | D:5      | Noticed Menkaure
  4079 | D:5      | Noticed an ice beast
  4079 | D:5      | Noticed a wyvern
  4084 | D:6      | Noticed an orc warrior
  4087 | D:6      | You fall into a shaft and drop 3 floors!
  4330 | D:9      | Gained mutation: You are completely covered in sharp
                  | spines. [demonic ancestry]
  4330 | D:9      | Reached XP level 7. HP: 55/55 MP: 7/7
  4448 | D:9      | Reached skill level 5 in Fighting
  4653 | D:9      | Reached skill level 5 in Armour
  4707 | D:9      | Noticed a troll
  4726 | D:9      | Killed a troll
  4727 | D:9      | Reached XP level 8. HP: 44/64 MP: 8/8
  4846 | D:9      | Reached skill level 5 in Dodging
  5023 | D:9      | Noticed Erica
  5123 | D:8      | Identified the +2 cloak of Classification {*Corrode Int+8
                  | SInv}
  5251 | D:5      | Found the +8 trident of the Octopus King {venom, rElec
                  | rPois}
  5432 | D:5      | Killed Menkaure
  5769 | D:5      | Reached XP level 9. HP: 9/72 MP: 9/9
  6115 | D:5      | Noticed Eustachio
  6122 | D:5      | Killed Eustachio
  6286 | D:5      | Found a runed translucent door.
  6287 | D:5      | Noticed Crazy Yiuf
  6292 | D:5      | Killed Crazy Yiuf
  6573 | D:6      | Noticed Blork the orc
  6583 | D:6      | Killed Blork the orc
  7095 | D:6      | Noticed Edmund
  7107 | D:6      | Killed Edmund
  7404 | D:7      | Noticed a boulder beetle
  7425 | D:7      | Killed a boulder beetle
  7426 | D:7      | Gained mutation: You regenerate a little health from kills.
                  | [demonic ancestry]
  7426 | D:7      | Reached XP level 10. HP: 70/82 MP: 10/10
  7502 | D:7      | Found a broken altar of Ashenzari.
  7533 | D:7      | Found a shadowy altar of Dithmenos.
  7566 | D:7      | Found a sparkling altar of Nemelex Xobeh.
  7830 | D:7      | Found a staircase to the Ecumenical Temple.
  7835 | Temple   | Entered the Ecumenical Temple
  7889 | Temple   | Became a worshipper of Makhleb the Destroyer
  7925 | D:7      | Found a shimmering blue altar of Sif Muna.
  8318 | D:7      | Found a snail-covered altar of Cheibriados.
  8486 | D:8      | Found a staircase to the Lair.
  8747 | D:8      | Reached * piety under Makhleb
  8935 | D:8      | Identified a scroll of acquirement
  8935 | D:8      | Acquired the +3 pair of boots of Courage {rN+ Str+2}
  8956 | D:9      | Noticed Grum
  8961 | D:9      | Killed Grum
  9080 | D:9      | Killed Erica
  9387 | D:9      | Noticed a gargoyle
  9394 | D:9      | Killed a gargoyle
  9485 | D:9      | Found a hazy altar of Hepliaklqana.
  9551 | D:10     | Entered Level 10 of the Dungeon
  9574 | D:10     | Noticed a two-headed ogre
  9582 | D:10     | Reached skill level 10 in Fighting
  9588 | D:10     | Killed a two-headed ogre
  9589 | D:10     | Reached XP level 11. HP: 60/90 MP: 11/11
  9600 | D:10     | Found a shimmering altar of Xom.
  9607 | D:10     | Noticed Maggie
  9611 | D:10     | Noticed Maggie
  9611 | D:10     | Maggie changed into Maggie the basilisk
  9615 | D:10     | Killed Maggie the basilisk
  9676 | D:10     | Reached ** piety under Makhleb
  9688 | D:10     | Found a flagged portal.
  9701 | Bailey   | Entered a bailey
  9840 | Bailey   | Identified the +3 mace of Circularity {drain, Str+5 Dex-2}
  9856 | Bailey   | Noticed a two-headed ogre
  9861 | Bailey   | Killed a two-headed ogre
 10095 | D:10     | Noticed a white ugly thing
 10110 | D:10     | Killed a white ugly thing
 10419 | D:10     | Reached skill level 10 in Armour
 10423 | D:10     | Found a radiant altar of Vehumet.
 10430 | D:10     | Found a bloodstained altar of Trog.
 10438 | D:10     | Found an opulent altar of Gozag.
 10445 | D:10     | Found a sacrificial altar of Ru.
 10451 | D:10     | Found an ancient bone altar of Kikubaaqudgha.
 10463 | D:10     | Found a blossoming altar of Fedhas.
 10948 | D:11     | Noticed a boulder beetle
 10963 | D:11     | Killed a boulder beetle
 10964 | D:11     | Reached skill level 10 in Dodging
 11113 | D:11     | Found a staircase to the Orcish Mines.
 11127 | D:11     | Reached *** piety under Makhleb
 11331 | D:11     | Reached skill level 1 in Shields
 11331 | D:11     | Reached skill level 1 in Invocations
 11403 | D:11     | Noticed a purple ugly thing
 11403 | D:11     | Noticed a white ugly thing
 11427 | D:11     | Killed a red ugly thing
 11433 | D:11     | Killed a red ugly thing
 11434 | D:11     | Reached skill level 2 in Shields
 11434 | D:11     | Reached XP level 12. HP: 100/100 MP: 12/14
 11582 | Lair:1   | Entered Level 1 of the Lair of Beasts
 11614 | Lair:1   | Reached skill level 3 in Shields
 11621 | Lair:1   | Reached **** piety under Makhleb
 11635 | Lair:1   | Reached skill level 4 in Shields
 11807 | Lair:1   | Reached skill level 5 in Invocations
 11808 | Lair:1   | Reached skill level 5 in Shields
 12320 | Lair:1   | Reached skill level 6 in Shields
 12520 | Lair:2   | Found a hole to the Spider Nest.
 12569 | Lair:2   | Reached skill level 7 in Shields
 12588 | Lair:2   | Reached ***** piety under Makhleb
 12748 | Lair:2   | Reached skill level 8 in Shields
 13072 | Lair:2   | Noticed Urug
 13117 | Lair:2   | Killed Urug
 13118 | Lair:2   | Reached skill level 9 in Shields
 13118 | Lair:2   | Reached XP level 13. HP: 47/106 MP: 17/17
 13431 | Lair:2   | Identified the +1 chain mail "Vuur" {rPois rF+ rCorr Str+4}
 13811 | Lair:3   | Found a staircase to the Shoals.
 14077 | Lair:3   | Reached skill level 10 in Shields
 14297 | Lair:3   | Noticed Prince Ribbit
 14303 | Lair:3   | Killed Prince Ribbit
 14679 | Lair:4   | Found a shimmering altar of Xom.
 14769 | Lair:4   | Reached skill level 11 in Shields
 14867 | Lair:4   | Found a dark tunnel.
 14887 | Volcano  | Entered a volcano
 14930 | Volcano  | Reached skill level 12 in Shields
 14966 | Volcano  | Reached ****** piety under Makhleb
 15375 | Lair:4   | Found the +1 robe of Vines {NoPotionHeal Regen++++}
 16097 | Lair:5   | Entered Level 5 of the Lair of Beasts
 16693 | Lair:5   | Found a viscous altar of Jiyva.
 16697 | Lair:5   | Found a staircase to the Slime Pits.
 16771 | Lair:5   | Noticed a dire elephant
 16771 | Lair:5   | Noticed a dire elephant
 16771 | Lair:5   | Noticed a dire elephant
 16771 | Lair:5   | Noticed a dire elephant
 16781 | Lair:5   | Killed a dire elephant
 16786 | Lair:5   | Reached skill level 13 in Shields
 16792 | Lair:5   | Reached XP level 14. HP: 100/113 MP: 20/20
 17337 | Lair:5   | Reached skill level 14 in Shields
 17405 | Lair:5   | Mangled by a dire elephant

Illustrated notes

Levels and vault maps discovered:
D:1:      nzn_arrival_depleted_hourglass, layout_basic, serial_shops, shop,
          dilly_ecumenical_altar_fadedgnrine
D:2:      layout_basic
D:3:      layout_basic, serial_bayou_ford_a, lemuel_flame_loot_1, uniq_robin
D:4:      layout_basic, gammafunk_ghost_arena
D:5:      layout_basic, uniq_menkaure, uniq_eustachio, uniq_crazy_yiuf_cottage
D:6:      layout_cave_pools, nicolae_ossuary_entry_catacombs, uniq_edmund,
          uniq_blork_the_orc
D:7:      layout_basic, mainiacjoe_overflow_surrounded_room,
          kennysheep_little_box, grunt_dithmenos_smoke,
          mainiacjoe_overflow_six_doors_small,
          mainiacjoe_overflow_cross_hatched, minmay_temple_entry_arrows
D:8:      layout_basic, lair_entry_dummy
D:9:      layout_loops_ring, nzn_hepliaklqana_mist_gate, uniq_erica, uniq_grum
D:10:     cheibrodos_helix_gallery, layout_irregular_city, xom_confusion_cloud,
          grunt_temple_overflow_octagram, lightli_bailey_entry_fortress,
          uniq_maggie
D:11:     layout_irregular_city, kennysheep_orc_monster_closet_entryway
Temple:   nicolae_temple_colour_theory
Lair:1:   layout_regular_city, infiniplex_staircase_pool
Lair:2:   layout_cave_pods, spider_nest_entry_webs, special_room
          [special_room_bee], uniq_urug
Lair:3:   layout_roguey, elwin_shoals_entry_rocks, grunt_megastairs_2,
          uniq_prince_ribbit2
Lair:4:   layout_cave_pods, nicolae_volcano_entry_batcave, basic_altar,
          grunt_forest_large_clearings
Lair:5:   due_jungle_book, layout_gridlike, dpeg_slime_entry_corner

Skill      XL: |  1  2  3  4  5  6  7  8  9 10 11 12 13 14 |
---------------+-------------------------------------------+-----
Armour         | 2 3 4 5 6 8 9 10 | 10.5
Dodging        | 1 2 3 4 6 7 9 10 | 10.3
Fighting       | 3 4 5 7 8 10 11 | 11.4
Shields        | 2 9 13 14 | 14.2
Invocations    | 2 6 8 |  8.7
Long Blades    | |  3.6
Unarmed Combat | |  1.0
Evocations     | |  1.0

Action                   |  1- 3 |  4- 6 |  7- 9 | 10-12 | 13-15 || total
-------------------------+-------+-------+-------+-------+-------++-------
Melee: Falchion          |    70 |    52 |       |       |       ||   122
       Punch             |     2 |       |     2 |     5 |       ||     9
       Headbutt          |       |    10 |    37 |   101 |   128 ||   276
       Trident           |       |     5 |    90 |   433 |   337 ||   865
       Flail             |       |     7 |    34 |       |       ||    41
       Unarmed           |       |       |     6 |       |       ||     6
       Scimitar          |       |       |       |       |    49 ||    49
Throw: Javelin           |       |       |     2 |       |       ||     2
Evoke: Wand              |       |       |     4 |     9 |     6 ||    19
  Use: Scroll            |    10 |     1 |     5 |    13 |     4 ||    33
       Potion            |       |       |     3 |     2 |       ||     5
Armor: Ring mail         |    27 |     6 |       |       |       ||    33
       Scale mail        |       |     1 |    23 |       |       ||    24
       Chain mail        |       |       |     5 |    46 |    85 ||   136
       Ice dragon scales |       |       |       |   187 |   108 ||   295
       Fire dragon scale |       |       |       |       |    18 ||    18
Dodge: Dodged            |    28 |    10 |    38 |   243 |   174 ||   493
Block: Other             |     7 |    32 |    57 |   126 |       ||   222
       Reflection        |       |       |     4 |     3 |     1 ||     8
       Kite shield       |       |       |       |   315 |   598 ||   913
